 Dungeon Crawl Stone Soup version 0.17-a0-1497-g03599f7 (console) character file.

451 Monkaria the Carver (level 6, -15/52 HPs)
             Began as a Minotaur Wanderer on July 6, 2015.
             Demolished by Menkaure (17 damage)
             ... on level 5 of the Dungeon.
             The game lasted 00:05:16 (3447 turns).

Monkaria the Carver (Minotaur Wanderer)             Turns: 3447, Time: 00:05:16

Health: -15/52     AC: 14    Str: 18    XL:     6   Next: 75%
Magic:  5/5        EV: 10    Int: 17    God:
Gold:   181        SH:  0    Dex:  8    Spells: 0 memorised, 5 levels left

rFire  . . .     SeeInvis .     a - +2 falchion
rCold  . . .     Clarity  .     w - +4 ring mail of Insecurity {Int+6}
rNeg   . . .     SustAt   .     (no shield)
rPois  .         Gourm    .     (helmet restricted)
rElec  .         Spirit   .     B - +0 cloak
rCorr  .         Warding  .     f - +1 pair of gloves
rMut   .         Stasis   .     s - +0 pair of boots {Fly}
MR     .....                    (no amulet)
Stlth  +.........               (no ring)
                                (no ring)

@: lethally poisoned (-15 -> -18), flying, not resistant to hostile
enchantments, very unstealthy
A: retaliatory headbutt, horns 2
a: Stop Flying


You were on level 5 of the Dungeon.
You were not hungry.

You visited 1 branch of the dungeon, and saw 5 of its levels.

You collected 181 gold pieces.

Inventory:

Hand weapons
 a - a +2 falchion (weapon)
 y - the +6 mace "Dragon's Tongue" {flame, Int+4}
   (You found it on level 4 of the Dungeon)

   It has been specially enchanted to burn those struck by it, causing extra
   injury to most foes and up to half again as much damage against particularly
   susceptible opponents.
   It affects your intelligence (+4).
 C - a +0 blowgun
Missiles
 n - 29 poisoned needles
 r - 8 needles of slowing
Armour
 f - a +1 pair of gloves (worn)
 s - a +0 pair of boots of flying (worn)
 w - the +4 ring mail of Insecurity (worn) {Int+6}
   (You found it on level 4 of the Dungeon)

   It affects your intelligence (+6).
 B - a +0 cloak (worn)
Rods
 x - a +2 rod of shadows (12/12)
   (You found it on level 4 of the Dungeon)
Magical devices
 D - a wand of magic darts (24)
Scrolls
 c - a scroll of enchant weapon {unknown}
 e - a scroll of random uselessness {unknown}
 i - a scroll of magic mapping {unknown}
 j - 3 scrolls of teleportation {unknown}
 k - 3 scrolls of enchant armour {unknown}
 m - 3 scrolls of remove curse {unknown}
 q - 2 scrolls of recharging {unknown}
 t - a scroll of fog {unknown}
Potions
 b - 2 potions of curing
 h - 2 potions of mutation
 l - a potion of ambrosia
 o - 3 potions of magic
 p - a potion of invisibility
 z - a potion of cancellation
Miscellaneous
 v - a plain deck of summoning
Comestibles
 d - 2 bread rations
 A - 2 meat rations


   Skills:
 - Level 4.0 Fighting
 + Level 8.2 Long Blades
 - Level 1.0 Throwing
 - Level 4.1 Armour
 - Level 1.0 Stealth
   Level 1.2 Shields


You had 5 spell levels left.
You didn't know any spells.

Dungeon Overview and Level Annotations

Branches:
Dungeon (5/15)             Temple (0/1) D:4

Altars:
Ashenzari
Cheibriados
Makhleb
Nemelex Xobeh
Vehumet

Annotations:
D:5 Menkaure


Innate Abilities, Weirdness & Mutations

You reflexively headbutt those who attack you in melee.
You have a pair of horns on your head.


Message History

Menkaure is lightly damaged.
Menkaure hits you but does no damage.
Unknown command.
You slash Menkaure!
You headbutt Menkaure, but do no damage.
Menkaure is severely damaged.
You feel sick. Menkaure barely misses you.
You hit Menkaure.
Menkaure is severely damaged.
Menkaure points at you and mumbles some strange words.
Pain shoots through your body!
* * * LOW HITPOINT WARNING * * *
You barely miss Menkaure.
Menkaure is severely damaged.
* * * LOW HITPOINT WARNING * * *
You feel sick. Menkaure hits you but does no damage.
You hit Menkaure but do no damage.
Menkaure is severely damaged.
Menkaure hits you!
You die...

.. . .# . #.# #. #y# .#
##.# #.# #.# .# .#...#
#.# #.##.# .(....#
##.###..#.#
.......##.........######
.......@M...............
.......##..#..).########
......###...........# #
.#..............###.####
#..###########.# #.#...
#.. #.# #.#..# ...
#.###.#.## ##
######.......#
#...)..###.#.##


You could see Menkaure.

Vanquished Creatures
  5 killer bees (D:5)
  A scorpion (D:3)
  A centaur skeleton (D:4)
  A worker ant (D:4)
  4 adders
  An adder skeleton (D:4)
  2 worms
  3 giant geckos
  3 orcs
  8 bats
  2 giant cockroaches (D:1)
  10 hobgoblins
  10 kobolds
  3 quokkas
  A giant cockroach zombie (D:5)
  4 giant newts
  11 goblins
  4 jackals (D:3)
  2 quokka skeletons (D:4)
  9 rats
85 creatures vanquished.

Notes
Turn   | Place    | Note
--------------------------------------------------------------
     0 | D:1      | Monkaria the Minotaur Wanderer began the quest for the Orb.
     0 | D:1      | Monkaria set off with: a +2 falchion, 2 potions of curing, a +0 robe, a bread ration
     0 | D:1      | Reached XP level 1. HP: 16/16 MP: 0/0
   636 | D:1      | Reached XP level 2. HP: 22/25 MP: 1/1
   901 | D:2      | Found a burning altar of Makhleb.
  1046 | D:2      | Reached XP level 3. HP: 15/33 MP: 2/2
  1548 | D:3      | Reached skill level 5 in Long Blades
  1629 | D:3      | Noticed a scorpion
  1642 | D:3      | Killed a scorpion
  1642 | D:3      | Reached XP level 4. HP: 10/40 MP: 3/3
  2398 | D:3      | Reached XP level 5. HP: 41/46 MP: 4/4
  2551 | D:4      | Found a sparkling altar of Nemelex Xobeh.
  2552 | D:4      | Found a staircase to the Ecumenical Temple.
  2567 | D:4      | Got an ichor-stained ring mail
  2615 | D:4      | Identified the +4 ring mail of Insecurity {Int+6} (You found it on level 4 of the Dungeon)
  2701 | D:4      | Reached skill level 6 in Long Blades
  2845 | D:4      | Found a shattered altar of Ashenzari.
  2846 | D:4      | Found a snail-covered altar of Cheibriados.
  2904 | D:4      | Got an encrusted mace
  2908 | D:4      | Identified the +6 mace "Dragon's Tongue" {flame, Int+4} (You found it on level 4 of the Dungeon)
  2912 | D:4      | Identified a +2 rod of shadows (12/12) (You found it on level 4 of the Dungeon)
  3032 | D:4      | Found a radiant altar of Vehumet.
  3241 | D:5      | Entered Level 5 of the Dungeon
  3397 | D:5      | Noticed Menkaure
  3399 | D:5      | Reached skill level 7 in Long Blades
  3399 | D:5      | Reached XP level 6. HP: 52/52 MP: 5/5
  3442 | D:5      | Reached skill level 8 in Long Blades
  3445 | D:5      | HP: 2/52 [Menkaure/nerve-wracking pain (13)]
  3447 | D:5      | Demolished by Menkaure

Vault maps used:
D:1:      minmay_arrival_three_doors
D:2:      nicolae_overflow_hidden_temple, lemuel_statue_altar
D:3:      solitary_fountain
D:4:      nemelex_deck, gammafunk_temple_overflow_statue,
          minmay_temple_entry_overgrown, st_stairs_8, grunt_decor_one_mirror,
          vehumet_altar_wand_db
D:5:      first_bread, nicolae_ru_path_of_blood, uniq_menkaure, uniq_edmund

Action                   |  1- 3 |  4- 6 || total
-------------------------+-------+-------++-------
Melee: Falchion          |    92 |   153 ||   245
  Use: Potion            |     1 |     1 ||     2
       Scroll            |       |     5 ||     5
 Stab: Sleeping          |     1 |       ||     1
  Eat: Chunk             |     2 |     6 ||     8
